 Dungeon Crawl Stone Soup version 0.31.0-32-g396128a36d (webtiles) character file.

Game seed: 13630917638455216524

32888 ChadusMaximus the Convoker (level 13, 0/102 HPs)
             Began as a Barachi Summoner on Mar 16, 2024.
             Was a Believer of Hepliaklqana.
             Slain by a troll (1 damage)
             ... on level 1 of the Orcish Mines.
             The game lasted 00:21:38 (14076 turns).

ChadusMaximus the Convoker (Barachi Summoner)      Turns: 14076, Time: 00:21:39

Health: 0/102      AC: 19    Str: 10    XL:     13   Next: 67%
Magic:  3/27       EV: 18    Int: 21    God:    Hepliaklqana [**....]
Gold:   1338       SH:  0    Dex: 12    Spells: 19/33 levels left

rFire   . . .        u - +3 trident (drain)
rCold   . . .        (no shield)
rNeg    . . .        g - +4 ring mail "Noschyinn" {rPois Stlth+}
rPois   +            f - +2 helmet
rElec   .            K - +0 cloak
rCorr   .            U - +1 pair of gloves
SInv    .            y - +0 pair of boots
Will    .....        (no amulet)
Stlth   ++           D - +5 ring of evasion
HPRegen 0.37/turn    l - ring of poison resistance
MPRegen 0.20/turn

%: no passive effects
@: unable to hop, inugami summoned, slow
A: reduced essence, amphibious, slowness 1, strong legs 2, +LOS
a: Hop, Renounce Religion, Recall Ancestor, Ancestor Identity


You were on level 1 of the Orcish Mines.
You worshipped Hepliaklqana.
Hepliaklqana was pleased with you.
You visited 3 branches of the dungeon, and saw 15 of its levels.
You also visited: Bailey.

You collected 1338 gold pieces.

Inventory:

Hand Weapons
 u - a +3 trident of draining (weapon)
 A - the +1 short sword of Demonkind {freeze, rCorr Str+2}
   (You took it off a goblin on level 3 of the Dungeon)

   Str+2:     It affects your strength (+2).
   rCorr:     It protects you from acid and corrosion.
 O - a +3 spear
Armour
 a - a +0 robe
 d - an orb of energy
 f - a +2 helmet (worn)
 g - the +4 ring mail "Noschyinn" (worn) {rPois Stlth+}
   (You found it on level 9 of the Dungeon)

   rPois:     It protects you from poison Stlth+: It makes you more stealthy.
 h - a +0 kite shield
 y - a +0 pair of boots (worn)
 K - a +0 cloak (worn)
 L - a +0 crystal plate armour
 P - a +3 plate armour
 U - a +1 pair of gloves (worn)
Jewellery
 l - a ring of poison resistance (right hand)
 p - an amulet of guardian spirit
 t - a ring of protection from cold
 D - a +5 ring of evasion (left hand)
 H - an amulet of faith
 V - a ring of flight
Wands
 G - a wand of light (7)
 I - a wand of iceblast (15)
 Q - a wand of flame (22)
Scrolls
 c - a scroll of identify
 e - 2 scrolls of amnesia
 j - 12 scrolls of enchant weapon
 k - 3 scrolls of enchant armour
 o - 4 scrolls of poison
 r - 2 scrolls of noise
 s - 9 scrolls of teleportation
 w - a scroll of brand weapon
 x - 2 scrolls of blinking
 z - 2 scrolls of fear
 C - 2 scrolls of butterflies
 F - 2 scrolls of vulnerability
 T - a scroll of revelation
Potions
 b - 4 potions of magic
 i - a potion of might
 m - 5 potions of heal wounds
 n - a potion of enlightenment {unknown}
 q - 3 potions of curing
 v - 2 potions of lignification {unknown}
 B - 3 potions of degeneration {unknown}
 E - 2 potions of brilliance {unknown}
 J - 2 potions of resistance {unknown}
 M - a potion of mutation {unknown}
 N - 2 potions of invisibility {unknown}
 R - 2 potions of cancellation {unknown}
 S - 2 potions of haste {unknown}


   Skills:
 - Level 14.7 Fighting
 + Level 7.6 Armour
 - Level 10.2 Dodging
 - Level 1.9 Stealth
 + Level 10.5 Spellcasting
 + Level 15.7 Summonings


You had 19 spell levels left.
You knew the following spells:

 Your Spells              Type           Power      Damage    Failure   Level
a - Summon Small Mammal   Summ           100%       N/A       1%          1
b - Call Canine Familiar  Summ           67%        N/A       1%          3
c - Call Imp              Summ           100%       N/A       1%          2
d - Summon Lightning Spi  Summ/Air       44%        N/A       5%          4
e - Martyr's Knell        Necr/Summ      44%        N/A       5%          4

Your spell library contained the following spells:

 Spells                   Type           Power      Damage    Failure   Level
 Summon Blazeheart Golem  Fire/Summ      44%        N/A       5%          4
 Apportation              Tloc           22%        N/A       14%         1
 Kiss of Death            Conj/Necr      44%        2d8       14%         1
 Cigotuvi's Dreadful Rot  Necr/Alch/Air  22%        N/A       21%         2
 Jinxbite                 Hex            22%        N/A       21%         2
 Mercury Vapours          Alch/Air       22%        N/A       21%         2
 Confusing Touch          Hex            11%        N/A       38%         3
 Frozen Ramparts          Ice            22%        1d4       38%         3
 Inner Flame              Hex/Fire       11%        N/A       38%         3
 Mephitic Cloud           Conj/Alch/Air  11%        N/A       38%         3
 Sigil of Binding         Hex            11%        N/A       38%         3
 Volatile Blastmotes      Fire/Tloc      22%        2d11      38%         3
 Dimensional Bullseye     Hex/Tloc       5%         N/A       80%         4
 Dispel Undead            Necr           11%        3d9       80%         4
 Flame Wave               Conj/Fire      11%        2d6       80%         4
 Fulminant Prism          Conj/Alch      5%         3d7       80%         4
 Iskenderun's Mystic Bla  Conj/Tloc      11%        2d4       80%         4
 Leda's Liquefaction      Alch/Erth      5%         N/A       80%         4
 Petrify                  Alch/Erth      11%        N/A       80%         4
 Sticky Flame             Fire/Alch      11%        2d5       80%         4
 Alistair's Intoxication  Alch           7%         N/A       98%         5
 Freezing Cloud           Conj/Ice/Air   5%         6-21      98%         5
 Metabolic Englaciation   Hex/Ice        5%         N/A       98%         5
 Death Channel            Necr           5%         N/A       100%        6


Dungeon Overview and Level Annotations

Branches:
Dungeon (12/15)            Temple (1/1) D:7            Lair (0/5) D:8
    Orc (2/2) D:12            Elf (0/3) Orc:2        Bailey (visited)

Altars:
Ashenzari
Cheibriados
Dithmenos
Elyvilon
Fedhas
Gozag
Hepliaklqana
Kikubaaqudgha
Makhleb
Nemelex Xobeh
Okawaru
Qazlal
Ru
Sif Muna
Trog
Uskayaw
Vehumet
Wu Jian
Xom
Yredelemnul
Zin
The Shining One

Shops:
D:8 (   D:11 :

Annotations:
D:5 3 runed translucent doors, Doomgape's ghost, amateur TrBe; Gabide's ghost, amateur DgSu; nitefall's ghost, novice MiBe; purpleHaze's ghost, novice FoHu; ripuliukko's ghost, novice GrEE


Innate Abilities, Weirdness & Mutations

Your life essence is reduced to manifest your ancestor. (-10% HP)
You are amphibious.
You cover ground slowly.
You can hop long distances.
You have an extended range of vision and can be seen from far away.


Message History

Your lightning spire shoots out a bolt of lightning at the orc wizard!
The bolt of electricity hits the orc wizard!
The orc knight hits your lightning spire with a +0 great sword!!
The troll bites you but does no damage. The troll claws you but does no damage.
The troll barely misses you.
The orc wizard hits your lightning spire but does no damage.
Your inugami hits the orc knight but does no damage.
The orc knight hits your lightning spire with a +0 great sword.
The troll attacks as it pursues you! The troll completely misses you.
The troll closely misses you. The troll claws you but does no damage.
The orc wizard barely misses your lightning spire.
Unknown command.
Your inugami hits the orc knight but does no damage.
The orc knight hits your lightning spire with a +0 great sword!!
Your lightning spire is destroyed!
Your lightning spire disappears in a puff of smoke!
The troll attacks as it pursues you! The troll bites you.
* * * LOW HITPOINT WARNING * * *
The troll claws you.
* * * LOW HITPOINT WARNING * * *
The troll claws you but does no damage.
The orc wizard hits your inugami but does no damage.
Your inugami closely misses the orc wizard.
The orc wizard misses your inugami.
Your inugami hits the orc wizard.
Unknown command.
Casting: Call Canine Familiar (safe; 1% risk of failure)
Confirm with . or Enter, or press ? or * to list all spells.
An electric hum fills the air.
The troll bites you but does no damage. The troll completely misses you. x2
The orc wizard closely misses your inugami.
Your inugami closely misses the orc wizard.
The orc wizard points at your inugami and mumbles some strange words.
Your inugami easily resists.
Your inugami barely misses the orc wizard.
The troll bites you!
* * * LOW HITPOINT WARNING * * *
The troll claws you!
* * * LOW HITPOINT WARNING * * *
The troll claws you.
You die...

..##.#######.## ........##....#
.............###
...........#...###
.................#####
..................##.#########
.......#.......#.##.....#.#..## #
..............................###
................@T.o.#....#...#..
...............8......o...#......
>..............#.##....h.........
.......[........##...............
.....)))#)......#.....##.........
..)..))<)#...#...................
.....[))).........#.............#
....)...[........#......##.....##
....)....)).......#............#.


You could see an orc knight (strong), a troll (ally target), an orc wizard
(strong, distracted, ally target), a friendly lightning spire (summoned) and a
friendly inugami (summoned).

Vanquished Creatures
  A two-headed ogre (D:11)
  2 trolls
  2 wraiths
  4 yaks
  A vampire mosquito (D:12)
  2 ice beasts (D:8)
  2 orc warriors (Orc:1)
  8 ogres
  A centaur (D:9)
  4 kobold brigands
  3 bullfrogs
  A scorpion (D:5)
  4 killer bees (D:11)
  3 howler monkeys
  A bombardier beetle (D:4)
  3 hounds
  An orc priest (D:10)
  A jelly (D:7)
  2 orc wizards
  6 adders
  A gnoll (D:12)
  An ufetubus (D:6)
  A ribbon worm (D:2)
  A dart slug (D:5)
  16 orcs
  4 endoplasms
  2 giant cockroaches
  5 goblins
  7 hobgoblins
  A quokka (D:4)
  6 ball pythons
  3 bats
  3 frilled lizards
  8 kobolds
  4 rats
115 creatures vanquished.

Vanquished Creatures (collateral kills)
  Snorg (D:12)
  A two-headed ogre (Orc:2)
  Amaemon (D:8)
  Lodul (D:11)
  Pikel (D:8)
  A cyclops (D:11)
  2 manticores
  A kobold blastminer (Orc:2)
  An orange demon (D:8)
  A gargoyle (D:12)
  An unseen horror (D:10)
  Jeremiah (D:9)
  A rime drake (D:8)
  Maggie (D:10)
  A komodo dragon (D:11)
  3 red devils (D:10)
  7 trolls
  3 shadows
  6 yaks
  A steam dragon (D:10)
  11 vampire mosquitoes
  2 water moccasins
  An acid dragon (D:7)
  Duvessa (D:5)
  24 orc warriors
  6 ogres
  8 ice beasts
  2 sky beasts (D:7)
  2 wolves (D:8)
  13 centaurs
  A kobold brigand (D:12)
  A nameless horror (D:6)
  A gnoll sergeant (D:12)
  4 bullfrogs
  A scorpion (D:6)
  13 wights
  Dowan (D:5)
  7 killer bees
  A bombardier beetle (D:5)
  A quasit (D:7)
  15 orc priests
  A jelly (D:6)
  5 iguanas
  8 orc wizards
  6 adders
  4 gnolls (D:4)
  5 shadow imps (D:7)
  2 white imps
  3 ufetubi
  3 ribbon worms
  3 dart slugs
  89 orcs
  2 bats
  2 endoplasms
  A giant cockroach (D:2)
  6 goblins
  4 hobgoblins
  4 quokkas
  2 ball pythons (D:1)
  3 frilled lizards
  8 kobolds
  4 rats
317 creatures vanquished.

Vanquished Creatures (others)
  3 ancestors
3 creatures vanquished.

Grand Total: 435 creatures vanquished

Notes
Turn   | Place    | Note
-------+----------+-------------------------------------------
     0 | D:1      | ChadusMaximus the Barachi Summoner began the quest for the
                  | Orb.
     0 | D:1      | Reached XP level 1. HP: 13/13 MP: 3/3
   174 | D:1      | Reached skill level 5 in Summonings
   175 | D:1      | Reached XP level 2. HP: 16/19 MP: 1/5
   463 | D:1      | Reached XP level 3. HP: 24/24 MP: 3/6
   714 | D:2      | Learned a level 3 spell: Call Canine Familiar
   717 | D:2      | Learned a level 2 spell: Call Imp
  1138 | D:2      | Reached XP level 4. HP: 13/30 MP: 3/8
  1150 | D:2      | Reached skill level 6 in Summonings
  1565 | D:3      | Found a snail-covered altar of Cheibriados.
  1566 | D:3      | Noticed a centaur
  1574 | D:3      | Killed a centaur
  1575 | D:3      | Reached XP level 5. HP: 21/35 MP: 6/10
  1831 | D:3      | Reached skill level 7 in Summonings
  2061 | D:3      | Identified the +1 short sword of Demonkind {freeze, rCorr
                  | Str+2}
  2448 | D:4      | Noticed an ogre
  2457 | D:4      | Reached XP level 6. HP: 41/41 MP: 0/11
  2779 | D:4      | Reached skill level 8 in Summonings
  3222 | D:4      | Reached XP level 7. HP: 39/46 MP: 7/13
  3642 | D:4      | Learned a level 4 spell: Summon Lightning Spire
  3683 | D:5      | Entered Level 5 of the Dungeon
  3706 | D:5      | Reached skill level 5 in Spellcasting
  3706 | D:5      | Reached skill level 9 in Summonings
  3735 | D:5      | Noticed Duvessa
  3754 | D:5      | Killed Duvessa
  3892 | D:5      | Noticed Dowan
  3900 | D:5      | Killed Dowan
  3901 | D:5      | Reached XP level 8. HP: 46/52 MP: 8/16
  3955 | D:5      | Found a broken altar of Ashenzari.
  3955 | D:5      | Found a glowing golden altar of the Shining One.
  4061 | D:5      | Reached skill level 10 in Summonings
  4568 | D:5      | Found a runed translucent gate.
  4568 | D:5      | Found a runed translucent gate.
  4568 | D:5      | Found a runed translucent gate.
  4568 | D:5      | Noticed nitefall's ghost (novice MiBe)
  4568 | D:5      | Noticed purpleHaze's ghost (novice FoHu)
  4568 | D:5      | Noticed Doomgape's ghost (amateur TrBe)
  4568 | D:5      | Noticed ripuliukko's ghost (novice GrEE)
  4569 | D:5      | Noticed Gabide's ghost (amateur DgSu)
  4813 | D:5      | Found a glowing silver altar of Zin.
  4815 | D:5      | Found a shadowy altar of Dithmenos.
  4881 | D:5      | Found an opulent altar of Gozag.
  4889 | D:5      | Reached skill level 11 in Summonings
  4895 | D:5      | Found a hide-covered altar of Uskayaw.
  5516 | D:6      | Reached XP level 9. HP: 51/57 MP: 13/19
  5713 | D:6      | Reached skill level 12 in Summonings
  6303 | D:7      | Reached skill level 13 in Summonings
  6337 | D:7      | Found a blossoming altar of Fedhas.
  6361 | D:7      | Found a flagged portal.
  6408 | Bailey   | Entered a bailey
  6545 | Bailey   | Reached skill level 14 in Summonings
  6545 | Bailey   | Reached XP level 10. HP: 21/63 MP: 8/22
  6718 | Bailey   | Reached skill level 10 in Fighting
  6718 | Bailey   | Reached XP level 11. HP: 91/91 MP: 23/23
  6719 | Bailey   | Reached XP level 12. HP: 105/105 MP: 24/24
  7698 | D:7      | Found a staircase to the Ecumenical Temple.
  7715 | Temple   | Entered the Ecumenical Temple
  7742 | Temple   | Became a worshipper of Hepliaklqana the Forgotten
  8222 | D:8      | Found a staircase to the Lair.
  8405 | D:8      | Found Siekh's Weapon Emporium.
  8454 | D:8      | Found an ornate altar of the Wu Jian Council.
  8523 | D:8      | Noticed Pikel
  8523 | D:8      | Noticed Amaemon
  8541 | D:8      | Killed Amaemon
  8541 | D:8      | Killed Pikel
  8551 | D:8      | Reached skill level 10 in Dodging
  9208 | D:9      | Noticed Jeremiah
  9227 | D:9      | Killed Jeremiah
  9348 | D:9      | Reached * piety under Hepliaklqana
  9415 | D:9      | Found a burning altar of Makhleb.
  9506 | D:9      | Identified the +4 ring mail "Noschyinn" {rPois Stlth+}
  9576 | D:9      | Reached skill level 1 in Armour
  9964 | D:10     | Entered Level 10 of the Dungeon
 10452 | D:10     | Noticed Maggie
 10804 | D:10     | Killed Maggie
 11067 | D:10     | Reached ** piety under Hepliaklqana
 11122 | D:10     | Remembered your ancestor Imgur-Sin as a knight
 11185 | D:11     | Found Zutrok's Book Shoppe.
 11658 | D:11     | Gained mutation: You can hop long distances. [Barachi
                  | growth]
 11658 | D:11     | Reached XP level 13. HP: 88/102 MP: 18/26
 11861 | D:11     | Reached skill level 5 in Armour
 11945 | D:11     | Noticed Lodul
 11967 | D:11     | Killed Lodul
 11968 | D:11     | Reached skill level 15 in Summonings
 12360 | D:11     | Learned a level 4 spell: Martyr's Knell
 12446 | D:12     | Noticed Snorg
 12459 | D:12     | Killed Snorg
 12656 | D:12     | Reached skill level 10 in Spellcasting
 12943 | D:12     | Found a staircase to the Orcish Mines.
 13212 | Orc:1    | Entered Level 1 of the Orcish Mines
 13863 | Orc:2    | Entered Level 2 of the Orcish Mines
 14003 | Orc:2    | Found a staircase to the Elven Halls.
 14076 | Orc:1    | HP: 1/102 [troll (7)]
 14076 | Orc:1    | Slain by a troll

Illustrated notes

Levels and vault maps discovered:
D:1:      psy_arrival_radial01, layout_rooms, corexii_item_surrounded_by_moat
D:2:      minmay_alternating_diamond, layout_rooms, st_stairs_9,
          minmay_fractal_squares_gapless_5
D:3:      layout_loops_ring, mainiacjoe_overflow_cross_hatched
D:4:      layout_basic, dreamdust_mushroom_princess, chequers_decorated_corner,
          minmay_misc_feat_chi, corexii_hall_statues_deadend, minmay_box_of_dots
D:5:      layout_loops_corners, mainiacjoe_overflow_large_starburst, minitemple,
          gammafunk_ghost_cemetery, grunt_ministairs_12, uniq_duvessa
D:6:      layout_cave_pools, hangedman_abyss_or_decor_stabs,
          columned_hall_lemuel
D:7:      layout_basic, fedhas_altar_1, temple_doors_e, enter_bailey_5,
          serial_demonic, serial_demonic_b, serial_demonic_f, serial_demonic_d,
          serial_demonic_b
D:8:      layout_rooms, kennysheep_little_box, hellmonk_lair_entry_icy,
          serial_shops, shop, uniq_pikel, uniq_amaemon
D:9:      layout_irregular_city, mainiacjoe_overflow_brackets, uniq_jeremiah
D:10:     layout_small_grid, einodemon_armed_red_devil_minivault, uniq_maggie
D:11:     layout_roguey, serial_shops, nicolae_shop_statue_plus, uniq_lodul
D:12:     layout_rooms, kennysheep_orc_monster_closet_entryway, uniq_snorg
Temple:   hellmonk_temple_forest_ring
Orc:1:    layout_caves
Orc:2:    grunt_orc_community_town_hall, layout_caves,
          grunt_orc_community_big_house_1, grunt_orc_community_big_house_2,
          grunt_orc_community_house_3, grunt_orc_community_house_1,
          grunt_orc_community_house_2, grunt_orc_community_house_2,
          grunt_orc_community_house_3, grunt_orc_community_house_1

Skill      XL: |  1  2  3  4  5  6  7  8  9 10 11 12 13 |
---------------+----------------------------------------+-----
Summonings     | 5 6 7 8 9 11 14 15 | 15.7
Spellcasting   | 3 4 5 6 8 9 10 | 10.5
Fighting       | 10 13 14 | 14.7
Dodging        | 7 9 10 | 10.2
Armour         | 4 7 |  7.6
Stealth        | |  1.9

Action                     |  1- 3 |  4- 6 |  7- 9 | 10-12 | 13-15 || total
---------------------------+-------+-------+-------+-------+-------++-------
  Melee: Unarmed           |    16 |       |       |       |       ||    16
         Club              |    19 |       |       |       |       ||    19
         Mace              |    47 |    59 |       |       |       ||   106
         Punch             |     1 |     2 |     5 |     4 |     3 ||    15
         Short sword       |       |    80 |   194 |    11 |       ||   285
         Spear             |       |       |       |    84 |       ||    84
         Trident           |       |       |       |    69 |   185 ||   254
   Cast: Summon Small Mamm |    20 |     5 |    10 |     7 |     2 ||    44
         Call Imp          |     6 |     9 |    26 |    27 |    10 ||    78
         Call Canine Famil |     1 |     9 |    26 |    37 |    21 ||    94
         Summon Lightning  |       |       |    12 |    39 |    23 ||    74
         Martyr's Knell    |       |       |       |       |     3 ||     3
 Invoke: Ancestor Life: Kn |       |       |       |     1 |       ||     1
Ability: Hop               |       |       |       |       |     3 ||     3
    Use: Potion            |       |       |       |     3 |       ||     3
         Scroll            |       |       |       |     5 |     8 ||    13
   Stab: Sleeping          |     3 |     3 |     1 |     4 |     1 ||    12
         Distracted        |     1 |     3 |     3 |     5 |     2 ||    14
 Armour: Robe              |    70 |   120 |   119 |    67 |       ||   376
         Ring mail         |       |       |       |    94 |   175 ||   269
  Dodge: Dodged            |   102 |   121 |   211 |   226 |   331 ||   991
